[Event "Titled Tuesday Blitz March 29 Late 2022"]
[White "Rorrer, Grayson"]
[Black "Hambleton, Aman"]
[WhiteFideId "30944996"]
[BlackFideId "2606577"]
[WhiteElo "2122"]
[BlackElo "2552"]
[Result "1-0"]
[Round "08"]
[TimeControl "180+1"]
[Date "2022.03.29"]
[WhiteClock "0:00:06"]
[BlackClock "0:00:01"]

1. e4 b6 2. d4 Bb7 3. Bd3 e6 4. c3 Nf6 5. Qe2 d5 6. e5 Ne4 7. Nd2 Nxd2 8. Bxd2 c5 9. f4 Qc8 10. Nf3 Ba6 11. O-O Bxd3 12. Qxd3 Qa6 13. Qc2 g6 14. Be3 h5 15. Ng5 Nc6 16. Rae1 Nd8 17. a3 Rc8 18. Qf2 Be7 19. Qg3 Qb5 20. Rf2 a5 21. f5 gxf5 22. Nh7 Kd7 23. Qg7 Re8 24. Bg5 Bxg5 25. Qxg5 Kc6 26. Nf6 Rf8 27. Qg7 Nb7 28. Nh7 Rh8 29. Qxf7 cxd4 30. cxd4 Qc4 31. Nf6 Kb5 32. Rd1 Ka6 33. Qxe6 Qb3 34. Rdf1 Rcd8 35. Qxf5 a4 36. Qf3 Na5 37. Qxb3 axb3 38. Rd1 Nc4 39. Rd3 h4 40. Rxb3 Rc8 41. Rc3 h3 42. gxh3 Rh6 43. Nxd5 Rg6+ 44. Kf1 b5 45. Nb4+ Ka5 46. Nd3 Ne3+ 47. Ke2 Rxc3 48. bxc3 Nd5 49. Kd2 Ka4 50. Nf4 Nxf4 51. Rxf4 Kxa3 52. Rf6 Rg2+ 53. Kd3 Kb3 54. Rb6 Ka4 55. Ra6+ Kb3 56. Ra5 b4 57. Rb5 Rxh2 58. Rxb4+ Ka3 59. e6 Rxh3+ 60. Kc4 Rh8 61. d5 Rc8+ 62. Kd4 Rh8 63. d6 Rh4+ 64. Kd5 Rh5+ 65. Kc6 Rh3 66. Rc4 Kb3 67. Rc5 Rh6 68. e7 Kc2 69. e8=Q Rh2 70. Qe4+ Kb2 71. Rb5+ Kc1 72. Qb1+ 1-0


[Site "https://www.chess.com"]

[Event "Titled Tuesday Blitz March 29 Late 2022"]
[White "Rosen, Eric"]
[Black "Stanisz, Patryk"]
[WhiteFideId "2032562"]
[BlackFideId "1123106"]
[WhiteElo "2362"]
[BlackElo "1876"]
[Result "1-0"]
[Round "08"]
[TimeControl "180+1"]
[Date "2022.03.30"]
[WhiteClock "0:02:25"]
[BlackClock "0:00:14"]

1. e4 c5 2. Nc3 Nc6 3. Bb5 g6 4. Bxc6 dxc6 5. f4 Bg7 6. Nf3 Nf6 7. O-O O-O 8. d3 Ng4 9. Qe1 e5 10. h3 Nh6 11. fxe5 f5 12. exf6 Qxf6 13. Bg5 Qe6 14. Qh4 Nf7 15. Be7 Re8 16. Bxc5 b6 17. Be3 Ne5 18. Ng5 Nf3+ 19. Rxf3 1-0


[Site "https://www.chess.com"]

[Event "Titled Tuesday Blitz March 29 Late 2022"]
[White "Rustemov, Alexander"]
[Black "Martin Duque, Jesus"]
[WhiteFideId "4119002"]
[BlackFideId "2208954"]
[WhiteElo "2773"]
[BlackElo "2243"]
[Result "1-0"]
[Round "08"]
[TimeControl "180+1"]
[Date "2022.03.29"]
[WhiteClock "0:01:01"]
[BlackClock "0:01:45"]

1. d4 Nf6 2. c4 b6 3. f3 Ba6 4. e4 e6 5. Nc3 Bb4 6. Bd3 c5 7. d5 O-O 8. Ne2 Qe7 9. O-O d6 10. a3 Ba5 11. Rb1 Bxc3 12. Nxc3 Nbd7 13. f4 exd5 14. exd5 Rae8 15. Qa4 Bb7 16. h3 a6 17. Bd2 Nh5 18. Rbe1 Qd8 19. Qd1 Ng3 20. Rf3 Qh4 21. Rxe8 Rxe8 22. Be1 Ne5 23. fxe5 Qd4+ 24. Bf2 1-0


[Site "https://www.chess.com"]

[Event "Titled Tuesday Blitz March 29 Late 2022"]
[White "Sapunov, Evgeny"]
[Black "Gurevich, Dmitry"]
[WhiteFideId "4126661"]
[BlackFideId "2000407"]
[WhiteElo "2470"]
[BlackElo "2506"]
[Result "1/2-1/2"]
[Round "08"]
[TimeControl "180+1"]
[Date "2022.03.29"]
[WhiteClock "0:00:17"]
[BlackClock "0:00:13"]

1. c4 e6 2. Nf3 d5 3. d4 Nf6 4. Nc3 Be7 5. Bg5 h6 6. Bh4 O-O 7. e3 b6 8. Qb3 Bb7 9. Bxf6 Bxf6 10. cxd5 exd5 11. Rd1 c6 12. Bd3 Qd6 13. O-O Nd7 14. Rfe1 Rfe8 15. Bb1 Nf8 16. e4 dxe4 17. Nxe4 Qd8 18. Ne5 Ne6 19. a3 Qe7 20. Ba2 Rad8 21. Nxf6+ Qxf6 22. Qe3 Qg5 23. g3 Qxe3 24. fxe3 c5 25. Rf1 Bd5 26. Nxf7 Bxa2 27. Nxd8 Rxd8 28. dxc5 Rxd1 29. Rxd1 Nxc5 30. Rd8+ Kf7 31. b4 Na4 32. Rd7+ Kf6 33. Rxa7 b5 34. e4 Nc3 35. e5+ Kg6 36. Kf2 Kf5 37. Rxg7 Kxe5 38. Rh7 Ne4+ 39. Ke3 Nf6 40. Rb7 Bc4 41. h3 Nd5+ 42. Kf3 Nxb4 43. Rxb5+ Bxb5 44. axb4 Bd7 45. g4 Kf6 46. Kf4 Kg6 47. h4 Bc8 48. g5 hxg5+ 49. hxg5 Bd7 50. Ke5 Ba4 51. Kd6 Kxg5 52. Kc5 Kf5 53. b5 Bxb5 1/2-1/2


[Site "https://www.chess.com"]

[Event "Titled Tuesday Blitz March 29 Late 2022"]
[White "Sarana, Alexey"]
[Black "Vasquez Schroeder, Rodrigo"]
[WhiteFideId "24133795"]
[BlackFideId "3400042"]
[WhiteElo "2666"]
[BlackElo "2561"]
[Result "1-0"]
[Round "08"]
[TimeControl "180+1"]
[Date "2022.03.29"]
[WhiteClock "0:00:09"]
[BlackClock "0:00:15"]

1. d4 Nf6 2. c4 e6 3. Nc3 Bb4 4. e3 O-O 5. Bd3 d5 6. a3 Bxc3+ 7. bxc3 c5 8. cxd5 exd5 9. Ne2 b6 10. O-O Ba6 11. Ng3 Re8 12. f3 Bxd3 13. Qxd3 Nc6 14. Bb2 Qd7 15. e4 dxe4 16. fxe4 Rad8 17. Rad1 Qg4 18. Qb5 Na5 19. e5 Nd5 20. Qd3 cxd4 21. cxd4 Rc8 22. h3 Qg6 23. Nf5 Nc4 24. Bc1 b5 25. Rf3 Ne7 26. Rdf1 Nxf5 27. Rxf5 Rc7 28. Qf3 Rd7 29. Rg5 Qb6 30. Rxg7+ Kxg7 31. Qg4+ Kh8 32. Qxd7 Rd8 33. Qxf7 Nxe5 34. Qe7 Qxd4+ 35. Kh1 Ng6 36. Qg5 Kg8 37. Bb2 Qd6 38. Qh6 Qd7 39. Qe3 Rf8 40. Re1 Qd5 41. Qc3 Qf7 42. Qd4 a6 43. Re4 h5 44. Re1 Kh7 45. Kh2 Qf4+ 46. Qxf4 Rxf4 47. Re6 Rf2 48. Bd4 Rd2 49. Be3 Re2 50. Kg3 h4+ 51. Kf3 Re1 52. Kf2 Ra1 53. Rxa6 Ra2+ 54. Kf3 Ne5+ 55. Ke4 Nc4 56. Rh6+ Kg7 57. Rxh4 Rxg2 58. Bc5 Kf6 59. Kd5 Rg5+ 60. Kc6 Ne5+ 61. Kxb5 Nd3 62. Rc4 Rh5 63. h4 Ke6 64. a4 Nxc5 65. Rxc5 Rxh4 66. a5 Rh3 67. Kc6 Rb3 68. a6 Ra3 69. Kb7 Kd6 70. Rc6+ Kd7 71. Rb6 Rc3 72. a7 Rc7+ 73. Ka6 Rc8 74. Rb7+ Kc6 75. Rb8 1-0


[Site "https://www.chess.com"]

[Event "Titled Tuesday Blitz March 29 Late 2022"]
[White "Shton, Roman"]
[Black "Van den Dikkenberg, Erik"]
[WhiteFideId "14137461"]
[BlackFideId "1005880"]
[WhiteElo "2013"]
[BlackElo "2118"]
[Result "1-0"]
[Round "08"]
[TimeControl "180+1"]
[Date "2022.03.30"]
[WhiteClock "0:01:08"]
[BlackClock "0:00:02"]

1. d4 Nf6 2. Nf3 g6 3. c4 Bg7 4. Nc3 O-O 5. Bg5 d6 6. e3 c5 7. d5 a6 8. a4 Bg4 9. Be2 Nbd7 10. O-O Rb8 11. h3 Bxf3 12. Bxf3 Ne5 13. Be2 h6 14. Bh4 Qa5 15. Ra3 Rfc8 16. f4 Ned7 17. Bd3 Qc7 18. Qc2 Nf8 19. Re1 Qa5 20. e4 Rc7 21. e5 Ne8 22. e6 f5 23. g4 Bd4+ 24. Kh2 fxg4 25. hxg4 Nf6 26. Kh3 Kg7 27. Rg1 Qb4 28. Rb3 Qa5 29. g5 Nh5 30. Rg4 hxg5 31. Bxg5 Bxc3 32. Rxc3 b5 33. axb5 axb5 34. cxb5 Qb4 35. f5 c4 36. Rgxc4 Rxc4 37. Bxc4 Qc5 38. Be3 Qb4 39. Bd4+ Kg8 40. fxg6 Ng7 41. Qf2 Rc8 42. Qf7+ Kh8 43. Bxg7# 1-0


[Site "https://www.chess.com"]

[Event "Titled Tuesday Blitz March 29 Late 2022"]
[White "Sliwicki, Damian"]
[Black "Zhukov, Maksim"]
[WhiteFideId "1127128"]
[BlackFideId "34181790"]
[WhiteElo "2067"]
[BlackElo "1978"]
[Result "1-0"]
[Round "08"]
[TimeControl "180+1"]
[Date "2022.03.30"]
[WhiteClock "0:00:06"]
[BlackClock "0:00:01"]

1. e4 c6 2. Nc3 d5 3. Nf3 dxe4 4. Nxe4 Nd7 5. Qe2 e6 6. d4 Ngf6 7. Bd2 Nxe4 8. Qxe4 Nf6 9. Qh4 Be7 10. Bd3 b6 11. O-O-O Bb7 12. Rhe1 Qd5 13. Ne5 Qxa2 14. c3 b5 15. Bg5 b4 16. Bc4 b3 17. Nxf7 Qa1+ 18. Kd2 Qxb2+ 19. Kd3 Qc2+ 20. Ke3 Kxf7 21. Kf4 Qf5+ 22. Kg3 Bd6+ 23. f4 Ne4+ 24. Kf3 Nxg5+ 25. Qxg5 c5+ 26. Kf2 Qxg5 27. Bxe6+ Kg6 28. fxg5 Rhf8+ 29. Kg1 cxd4 30. cxd4 b2 31. h4 h5 32. Bb3 Kh7 33. Re6 1-0


[Site "https://www.chess.com"]

[Event "Titled Tuesday Blitz March 29 Late 2022"]
[White "Srinath, Rao S.V."]
[Black "Fathy, Elameir"]
[WhiteFideId "5028876"]
[BlackFideId "10600396"]
[WhiteElo "2181"]
[BlackElo "2311"]
[Result "0-1"]
[Round "08"]
[TimeControl "180+1"]
[Date "2022.03.30"]
[WhiteClock "0:01:47"]
[BlackClock "0:01:10"]

1. Nf3 d5 2. g3 Bf5 3. Bg2 e6 4. O-O c6 5. d3 h6 6. c4 dxc4 7. dxc4 Qxd1 8. Rxd1 Nf6 9. b3 Be7 10. Bb2 Nbd7 11. Nc3 O-O 12. Nd4 Bg6 13. a3 Rfd8 14. b4 Ne5 15. c5 Nc4 16. Bc1 Nd5 17. Nxd5 exd5 18. e3 a5 19. Bf1 axb4 20. Bxc4 dxc4 21. Bd2 bxa3 22. Bb4 a2 23. Rdc1 Bd3 0-1


[Site "https://www.chess.com"]

[Event "Titled Tuesday Blitz March 29 Late 2022"]
[White "Szente Varga, Fruzsina"]
[Black "Desideri, Ricardo Maruchi"]
[WhiteFideId "712264"]
[BlackFideId "2110440"]
[WhiteElo "1994"]
[BlackElo "1945"]
[Result "1-0"]
[Round "08"]
[TimeControl "180+1"]
[Date "2022.03.30"]
[WhiteClock "0:01:05"]
[BlackClock "0:01:32"]

1. e4 c5 2. Nf3 d6 3. d4 cxd4 4. Qxd4 Nf6 5. Bb5+ Nbd7 6. c4 a6 7. Bxd7+ Bxd7 8. e5 dxe5 9. Nxe5 e6 10. Bg5 Be7 11. O-O O-O 12. Nc3 Bc6 13. Nxc6 bxc6 14. Rad1 c5 15. Qe3 Qb6 16. b3 Rad8 17. Na4 Qc6 18. Bxf6 gxf6 19. h4 f5 20. h5 Bf6 21. Nxc5 Bd4 22. Rxd4 1-0


[Site "https://www.chess.com"]

[Event "Titled Tuesday Blitz March 29 Late 2022"]
[White "Szpar, Milosz"]
[Black "Baches Garcia, Guillermo"]
[WhiteFideId "1184989"]
[BlackFideId "2209764"]
[WhiteElo "2634"]
[BlackElo "2493"]
[Result "1-0"]
[Round "08"]
[TimeControl "180+1"]
[Date "2022.03.30"]
[WhiteClock "0:01:34"]
[BlackClock "0:00:05"]

1. e4 c5 2. Nf3 d6 3. d4 cxd4 4. Nxd4 Nf6 5. Nc3 Nc6 6. f3 e5 7. Nb3 Be6 8. Nd5 Bxd5 9. exd5 Nb4 10. Bb5+ Nd7 11. c3 Na6 12. Be3 Be7 13. O-O O-O 14. Kh1 Nc7 15. Be2 Bg5 16. Bf2 Bh4 17. Bg1 b6 18. a4 a5 19. Nc1 f5 20. Nd3 Bf6 21. Ra3 Nc5 22. b4 Nxd3 23. Bxd3 g6 24. Bxb6 axb4 25. cxb4 Qe7 26. a5 e4 27. Re1 Be5 28. fxe4 Qh4 29. Bg1 Bg3 30. Rf1 fxe4 31. Bc4 Be5 32. Rh3 Qg5 33. Be3 Qe7 34. Bb6 Rxf1+ 35. Bxf1 Rf8 36. a6 e3 37. Rxe3 Qh4 38. Rh3 Qxb4 39. Bxc7 Qa4 40. Rd3 Qc4 41. Bb6 Qxa6 42. Bg1 Qa2 43. Rf3 Rb8 44. h4 Rb1 45. Qd3 Qa1 46. h5 Rd1 47. Qb5 1-0


[Site "https://www.chess.com"]

[Event "Titled Tuesday Blitz March 29 Late 2022"]
[White "Sztokbant, Bernardo Vainzoff"]
[Black "Lewtak, Damian"]
[WhiteFideId "2115956"]
[BlackFideId "1141724"]
[WhiteElo "2237"]
[BlackElo "2362"]
[Result "1/2-1/2"]
[Round "08"]
[TimeControl "180+1"]
[Date "2022.03.29"]
[WhiteClock "0:00:04"]
[BlackClock "0:00:06"]

1. e4 c5 2. Nf3 d6 3. d4 cxd4 4. Qxd4 Nf6 5. Nc3 Nc6 6. Bb5 Bd7 7. Bxc6 Bxc6 8. O-O e5 9. Qd3 h6 10. b3 Be7 11. a4 O-O 12. Ba3 Ne8 13. Rfd1 Qc7 14. Nd2 Nf6 15. Nc4 Nxe4 16. Nxe4 d5 17. Bxe7 Qxe7 18. Nxe5 dxe4 19. Nxc6 bxc6 20. Qd7 Qf6 21. Qd4 Qf5 22. Qc4 Rac8 23. Rd4 Rfe8 24. Re1 e3 25. fxe3 Rc7 26. Rf4 Qg6 27. Qc3 Rce7 28. h3 Qd6 29. Rg4 f5 30. Rc4 Re6 31. Qd3 Qxd3 32. cxd3 Rxe3 33. Rxe3 Rxe3 34. Rc3 Re6 35. Kf2 Kf7 36. Rc5 Kf6 37. b4 g5 38. Ra5 Rd6 39. Ke2 Rd4 40. Rxa7 Rxb4 41. Ra6 Ke5 42. Rxc6 Rxa4 43. Rxh6 Kf4 44. Rf6 Ra2+ 45. Kf1 Ra3 46. d4 Rd3 47. Rd6 Kg3 48. Rd5 Kf4 49. Ke2 Ra3 50. Kf1 Ra2 51. Kg1 Kg3 52. Kf1 Ra1+ 53. Ke2 Kf4 54. Rd8 Ra2+ 55. Kd3 Rxg2 56. d5 Rg1 57. Kc4 Rd1 58. d6 Ke5 59. Kc5 f4 60. Re8+ Kf5 61. Kc6 f3 62. Rf8+ Ke4 63. d7 Ke3 64. Kc7 f2 65. d8=Q Rxd8 66. Kxd8 Ke2 67. Ke7 f1=Q 68. Rxf1 Kxf1 69. Kf6 Kg2 70. Kxg5 Kxh3 1/2-1/2


[Site "https://www.chess.com"]

[Event "Titled Tuesday Blitz March 29 Late 2022"]
[White "Taichman, Ori"]
[Black "Tarigan, Gilbert Elroy"]
[WhiteFideId "2804069"]
[BlackFideId "7108133"]
[WhiteElo "2227"]
[BlackElo "1908"]
[Result "1-0"]
[Round "08"]
[TimeControl "180+1"]
[Date "2022.03.29"]
[WhiteClock "0:01:59"]
[BlackClock "0:00:22"]

1. e4 Nc6 2. Nf3 e5 3. Bb5 a6 4. Bxc6 dxc6 5. O-O Bg4 6. h3 h5 7. d3 Qf6 8. Nbd2 Bc5 9. Nc4 Bxf3 10. Qxf3 Qxf3 11. gxf3 f6 12. f4 exf4 13. Bxf4 O-O-O 14. Kg2 Ne7 15. Be3 Bxe3 16. Nxe3 f5 17. Rad1 fxe4 18. dxe4 g5 19. Rxd8+ Rxd8 20. Rd1 Re8 21. h4 g4 22. f3 gxf3+ 23. Kxf3 Ng6 24. Nf5 Rf8 25. Ke3 b5 26. Rg1 Ne5 27. Rg5 Rh8 28. Ne7+ Kd7 29. Rxe5 Kd6 30. Ng6 Rg8 31. Rg5 1-0


[Site "https://www.chess.com"]

[Event "Titled Tuesday Blitz March 29 Late 2022"]
[White "Terletsky, Oleg"]
[Black "Lehtosaari, Mauri"]
[WhiteFideId "14116774"]
[BlackFideId "501999"]
[WhiteElo "2064"]
[BlackElo "2492"]
[Result "0-1"]
[Round "08"]
[TimeControl "180+1"]
[Date "2022.03.30"]
[WhiteClock "0:00:02"]
[BlackClock "0:00:06"]

1. e4 c5 2. Nf3 e6 3. d4 cxd4 4. Nxd4 Qb6 5. Nb3 Qc7 6. Nc3 a6 7. Bd3 Nf6 8. O-O b5 9. f4 d6 10. e5 Nfd7 11. Qg4 Bb7 12. Nd4 dxe5 13. fxe5 Nxe5 14. Qg3 Nbd7 15. Be3 Bd6 16. Ndxb5 axb5 17. Nxb5 Qc6 18. Nxd6+ Qxd6 19. Rad1 Qe7 20. Bb5 O-O 21. Bd4 Ng6 22. Bxg7 Kxg7 23. Qc3+ Nf6 24. Rd7 Rac8 25. Rxe7 Rxc3 26. Rxb7 Rxc2 27. Bd3 Rd2 28. Bc4 Ne5 29. Bxe6 Re8 30. Bb3 Nfg4 0-1


[Site "https://www.chess.com"]

[Event "Titled Tuesday Blitz March 29 Late 2022"]
[White "Tiarks, Jann-Christian"]
[Black "Ilyasli, Ughur"]
[WhiteFideId "12951595"]
[BlackFideId "13416197"]
[WhiteElo "2176"]
[BlackElo "2045"]
[Result "1-0"]
[Round "08"]
[TimeControl "180+1"]
[Date "2022.03.30"]
[WhiteClock "0:00:53"]
[BlackClock "0:00:09"]

1. e4 c5 2. c3 Nf6 3. e5 Nd5 4. d4 cxd4 5. Nf3 Nc6 6. cxd4 d6 7. Bb5 dxe5 8. Nxe5 Bd7 9. Nxd7 Qxd7 10. O-O e6 11. Nc3 Be7 12. Be3 O-O 13. Rc1 Nxe3 14. fxe3 Rad8 15. Ne4 Qd5 16. Bxc6 bxc6 17. Nc3 Qg5 18. Qf3 Rc8 19. Ne4 Qd5 20. Nc3 Qxf3 21. gxf3 c5 22. d5 exd5 23. Nxd5 Bd6 24. f4 Rfd8 25. Rfd1 f6 26. Kf2 Kf7 27. Kf3 Bf8 28. e4 h5 29. Rc4 g5 30. fxg5 fxg5 31. Ra4 Rd7 32. Ke3 g4 33. Rf1+ Kg6 34. Ra6+ Kg5 35. Rf5+ Kh4 36. Nf6 Bh6+ 37. Ke2 Rd2+ 38. Ke1 Bg5 39. Rxg5 Kxg5 40. Kxd2 h4 41. e5 g3 42. hxg3 hxg3 43. Ra3 Kf4 44. Nh5+ Kxe5 45. Nxg3 c4 46. Rxa7 Rb8 47. Kc3 Rg8 48. Ne2 Rg2 49. Re7+ Kd5 50. Nf4+ Kd6 51. Nxg2 Kxe7 52. Kxc4 Ke6 53. Kb5 1-0


[Site "https://www.chess.com"]

[Event "Titled Tuesday Blitz March 29 Late 2022"]
[White "Toncheva, Nadya"]
[Black "Qashashvili, Alexandre"]
[WhiteFideId "2924056"]
[BlackFideId "13600842"]
[WhiteElo "1884"]
[BlackElo "2316"]
[Result "1-0"]
[Round "08"]
[TimeControl "180+1"]
[Date "2022.03.30"]
[WhiteClock "0:00:45"]
[BlackClock "0:00:18"]

1. e4 c6 2. d4 d5 3. Nc3 dxe4 4. Nxe4 Nd7 5. Qe2 Ndf6 6. Nf3 Nxe4 7. Qxe4 Nf6 8. Qh4 Bf5 9. c3 e6 10. Bc4 Ne4 11. Qf4 Bd6 12. Qe3 Qc7 13. O-O O-O 14. h3 Rad8 15. Bd3 h6 16. Bxe4 Bxe4 17. Qxe4 c5 18. Be3 cxd4 19. Bxd4 Bc5 20. Rad1 Bxd4 21. Rxd4 Rxd4 22. Nxd4 Qb6 23. b4 a5 24. a3 Rc8 25. Ne2 Qb5 26. Rd1 Qa4 27. Rd3 Qxa3 28. bxa5 Qxa5 29. Qxb7 Ra8 30. Rg3 Rd8 31. Nd4 Qe5 32. Kh2 Qe1 33. Qc7 Rd5 34. Qf4 Ra5 35. Qf6 g6 36. Qd8+ Kg7 37. Qxa5 1-0


[Site "https://www.chess.com"]

[Event "Titled Tuesday Blitz March 29 Late 2022"]
[White "Tregubov, Pavel V."]
[Black "Buchenau, Frank"]
[WhiteFideId "4115341"]
[BlackFideId "4604350"]
[WhiteElo "2341"]
[BlackElo "2193"]
[Result "1-0"]
[Round "08"]
[TimeControl "180+1"]
[Date "2022.03.30"]
[WhiteClock "0:01:30"]
[BlackClock "0:00:58"]

1. e4 e6 2. d4 d5 3. exd5 exd5 4. Nf3 Bf5 5. c4 Bxb1 6. Rxb1 Bb4+ 7. Bd2 Bxd2+ 8. Qxd2 Nf6 9. Qe3+ Qe7 10. Qxe7+ Kxe7 11. Bd3 dxc4 12. Bxc4 Rd8 13. O-O Nc6 14. Rbd1 Kf8 15. Ne5 Rxd4 16. Rxd4 Nxd4 17. Bxf7 Nc6 18. Nxc6 Kxf7 19. Ne5+ Ke6 20. Re1 Kd5 21. f4 c5 22. Rd1+ Ke4 23. g3 b5 24. Kf2 c4 25. Nf7 Ng4+ 26. Ke2 Nxh2 27. Nd6# 1-0


[Site "https://www.chess.com"]

[Event "Titled Tuesday Blitz March 29 Late 2022"]
[White "Tsukerman, Julia"]
[Black "Vine, Elzbieta"]
[WhiteFideId "2621649"]
[BlackFideId "1119320"]
[WhiteElo "2127"]
[BlackElo "1830"]
[Result "1-0"]
[Round "08"]
[TimeControl "180+1"]
[Date "2022.03.30"]
[WhiteClock "0:00:30"]
[BlackClock "0:00:03"]

1. e4 c5 2. Nf3 a6 3. d4 cxd4 4. Nxd4 d6 5. Nc3 Nf6 6. Be3 b5 7. f3 e6 8. Qd2 b4 9. Nce2 a5 10. O-O-O Be7 11. g4 a4 12. Qxb4 d5 13. Qb5+ Bd7 14. Qd3 dxe4 15. fxe4 Nxg4 16. Bg1 Ne5 17. Qg3 Bf6 18. Nf4 Nbc6 19. Nxc6 Nxc6 20. Bg2 Rb8 21. c3 a3 22. b3 O-O 23. Bd4 Nxd4 24. cxd4 Qc7+ 25. Kb1 e5 26. Nd5 Qd6 27. Nxf6+ Qxf6 28. dxe5 Qc6 29. Rc1 Qb6 30. Rhd1 Be6 31. Rc3 1-0


[Site "https://www.chess.com"]

[Event "Titled Tuesday Blitz March 29 Late 2022"]
[White "Van Foreest, Jorden"]
[Black "Rasulov, Vugar"]
[WhiteFideId "1039784"]
[BlackFideId "13402390"]
[WhiteElo "2609"]
[BlackElo "2560"]
[Result "0-1"]
[Round "08"]
[TimeControl "180+1"]
[Date "2022.03.29"]
[WhiteClock "0:00:03"]
[BlackClock "0:00:38"]

1. d4 Nf6 2. Nc3 d5 3. Bf4 c5 4. e3 cxd4 5. exd4 a6 6. Nf3 Nc6 7. Ne5 g6 8. Be2 Bg7 9. O-O O-O 10. Nxc6 bxc6 11. Be5 Bh6 12. Na4 Nd7 13. Bg3 a5 14. c4 Bg7 15. cxd5 cxd5 16. Rc1 Ba6 17. Bc7 Bxe2 18. Qxe2 Qe8 19. Rfd1 Rc8 20. Qa6 Nb8 21. Bxb8 Rxc1 22. Rxc1 Qxa4 23. Ba7 Bxd4 24. Bxd4 Qxd4 25. Qxa5 Qxb2 26. Rd1 e6 27. h4 Rc8 28. h5 Qe2 29. Rb1 Qxh5 30. Qa6 Rc2 31. a4 Qf5 32. Qa7 Kg7 33. Qd4+ e5 34. Qb6 d4 35. Rf1 d3 36. Qe3 Re2 37. Qc5 d2 38. Qd5 e4 39. Qd4+ Qf6 40. Qd5 Qc3 41. Kh2 Re1 42. Rg1 Rxg1 43. Kxg1 Qa1+ 44. Kh2 d1=Q 0-1


[Site "https://www.chess.com"]

[Event "Titled Tuesday Blitz March 29 Late 2022"]
[White "Vifleemskaia, Svetlana"]
[Black "Eames, Robert S"]
[WhiteFideId "4129490"]
[BlackFideId "408743"]
[WhiteElo "1901"]
[BlackElo "2105"]
[Result "1-0"]
[Round "08"]
[TimeControl "180+1"]
[Date "2022.03.30"]
[WhiteClock "0:00:30"]
[BlackClock "0:00:05"]

1. d4 e6 2. c4 f5 3. Nf3 Nf6 4. Bf4 b6 5. Qc2 Bb7 6. Nc3 Bd6 7. e3 Bxf4 8. exf4 O-O 9. Be2 Qe7 10. O-O Nc6 11. a3 a5 12. Rad1 Nd8 13. d5 Nf7 14. Ne5 Nxe5 15. fxe5 Ng4 16. Bxg4 fxg4 17. Qe4 Qg5 18. Qe3 Qh5 19. Rd4 Rf5 20. Re1 Raf8 21. Qg3 Rxf2 22. Rxg4 R2f7 23. Ne4 exd5 24. Nf6+ Rxf6 25. Rxg7+ Kh8 26. exf6 dxc4 27. f7 Bd5 28. Qc3 Bxf7 29. Rg5# 1-0


[Site "https://www.chess.com"]

[Event "Titled Tuesday Blitz March 29 Late 2022"]
[White "Vusatiuk, Vladimir"]
[Black "Karttunen, Mika"]
[WhiteFideId "14118610"]
[BlackFideId "502081"]
[WhiteElo "2157"]
[BlackElo "2343"]
[Result "0-1"]
[Round "08"]
[TimeControl "180+1"]
[Date "2022.03.29"]
[WhiteClock "0:00:05"]
[BlackClock "0:00:12"]

1. d4 Nf6 2. c4 e6 3. Nc3 Bb4 4. e3 Bxc3+ 5. bxc3 d6 6. Ne2 c5 7. Ng3 e5 8. Bd3 Nc6 9. d5 Ne7 10. O-O h5 11. e4 h4 12. Nf5 Bxf5 13. exf5 e4 14. Bc2 Nxf5 15. Bg5 Ne7 16. Re1 Kf8 17. Bxf6 gxf6 18. Rxe4 Ng6 19. Qf3 Kg7 20. Rg4 Qe7 21. Qf5 Rae8 22. h3 Qe5 23. Qf3 Qh5 24. Rb1 b6 25. a4 Re5 26. a5 f5 27. Rf4 Nxf4 28. Qxf4 Qh6 29. Qf3 Qh5 30. Qf4 Rhe8 31. axb6 axb6 32. Rxb6 Re1+ 33. Kh2 Qg6 34. Rxd6 f6 35. Rd7+ R1e7 36. Bxf5 Qg5 37. Qxg5+ fxg5 38. Rxe7+ Rxe7 39. d6 Re8 40. d7 Rd8 41. g3 Kf6 42. Bg4 Ke7 43. gxh4 gxh4 44. f4 Rf8 45. f5 Rf6 46. Kg2 Kxd7 47. Kf3 Kd6 48. Ke4 Rf8 49. Kf4 Re8 50. Kg5 Ke5 51. Kxh4 Kf6 52. Kg3 Re3+ 53. Kf4 Rxc3 54. Be2 Rxh3 55. Ke4 Rh2 56. Bf3 Rd2 57. Bg2 Rd4+ 58. Ke3 Rxc4 59. Be4 Rd4 60. Bd3 Rd6 61. Bc2 Ke5 62. Bb1 Rb6 63. Bc2 Rb2 64. Kd2 Rb4 65. Kc3 Rh4 66. Bb1 Rf4 67. Bc2 Kd5 68. Bb3+ c4 69. Bc2 Kc5 70. Bd1 Rxf5 71. Kd2 Rf4 72. Kc3 Rd4 73. Bc2 Rh4 74. Kb2 Rh3 75. Bb1 Kd4 76. Ka1 Kc3 77. Be4 Re3 78. Bb1 Re5 79. Ba2 Rb5 80. Bb1 Ra5+ 81. Ba2 Kd2 82. Kb1 c3 83. Bb3 Rb5 84. Ka2 Rxb3 85. Ka1 c2 86. Ka2 Rb8 87. Ka3 c1=Q+ 88. Ka4 Qa1# 0-1


[Site "https://www.chess.com"]

[Event "Titled Tuesday Blitz March 29 Late 2022"]
[White "Yanchenko, Roman"]
[Black "Sanal, Vahap"]
[WhiteFideId "4137329"]
[BlackFideId "6300545"]
[WhiteElo "2514"]
[BlackElo "2603"]
[Result "1-0"]
[Round "08"]
[TimeControl "180+1"]
[Date "2022.03.29"]
[WhiteClock "0:01:01"]
[BlackClock "0:01:26"]

1. d4 Nf6 2. c4 e6 3. Nf3 d5 4. Nc3 c6 5. Bg5 Be7 6. e3 h6 7. Bh4 Nbd7 8. Bg3 O-O 9. Qc2 a6 10. Rd1 b5 11. cxd5 cxd5 12. Bd3 Bb7 13. O-O Rc8 14. Qb1 b4 15. Na4 Qa5 16. b3 Ne4 17. Bxe4 dxe4 18. Nd2 Nf6 19. Rc1 Qf5 20. Nb6 Rxc1 21. Rxc1 h5 22. Rc7 Bd8 23. Rxb7 g5 24. Nd7 h4 25. Bd6 Re8 26. Nxf6+ Qxf6 27. Be5 Qh6 28. Qxe4 h3 29. Qc6 Rf8 30. Bd6 e5 31. Qd7 Be7 32. Bxe7 1-0


[Site "https://www.chess.com"]

[Event "Titled Tuesday Blitz March 29 Late 2022"]
[White "Yuan, Qingyu"]
[Black "Lin, Dachey"]
[WhiteFideId "8609772"]
[BlackFideId "2029650"]
[WhiteElo "2359"]
[BlackElo "2313"]
[Result "1-0"]
[Round "08"]
[TimeControl "180+1"]
[Date "2022.03.29"]
[WhiteClock "0:00:16"]
[BlackClock "0:00:14"]

1. e4 g6 2. d4 Bg7 3. Nf3 c6 4. h3 d5 5. e5 Bf5 6. Be2 e6 7. O-O h5 8. c3 Nd7 9. Bg5 Ne7 10. Nbd2 O-O 11. Re1 c5 12. Nf1 Re8 13. Qb3 Qc7 14. Ne3 Be4 15. Nd2 cxd4 16. cxd4 Nc6 17. Rac1 Qb6 18. Qxb6 axb6 19. f3 Bf5 20. g4 Nxd4 21. gxf5 Nxe5 22. f6 Bf8 23. a3 Bc5 24. Kg2 Rec8 25. Bf1 Nec6 26. Nb1 b5 27. Nc3 b4 28. Ncxd5 exd5 29. Rxc5 bxa3 30. bxa3 Rxa3 31. Nxd5 Ne6 32. Rxe6 fxe6 33. Ne7+ Nxe7 34. fxe7 Re8 35. Bb5 Raa8 36. Bxe8 Rxe8 37. h4 Kf7 38. Rb5 Rb8 39. Kg3 b6 40. Kf4 Rb7 41. Ke5 Rb8 42. f4 Rb7 43. Kd6 Rb8 44. Kd7 Rb7+ 45. Kd8 Rb8+ 46. Kc7 Ra8 47. Rxb6 Ra5 48. Rb8 Rc5+ 49. Kd6 Rd5+ 50. Kc6 Kg7 51. e8=Q 1-0


[Site "https://www.chess.com"]

[Event "Titled Tuesday Blitz March 29 Late 2022"]
[White "Adewumi, Tanitoluwa"]
[Black "Hambleton, Aman"]
[WhiteFideId "30966396"]
[BlackFideId "2606577"]
[WhiteElo "2577"]
[BlackElo "2552"]
[Result "1-0"]
[Round "09"]
[TimeControl "180+1"]
[Date "2022.03.29"]
[WhiteClock "0:00:04"]
[BlackClock "0:00:03"]

1. e4 b6 2. d4 Bb7 3. Bd3 e6 4. Nf3 d5 5. e5 Ba6 6. Bxa6 Nxa6 7. O-O Qd7 8. c3 Ne7 9. Re1 c5 10. Na3 Rc8 11. Bg5 h6 12. Bh4 Nf5 13. Nc2 Be7 14. Bxe7 Nxe7 15. h4 Qa4 16. h5 Nb8 17. b3 Qd7 18. Rc1 a5 19. dxc5 bxc5 20. c4 dxc4 21. bxc4 Qxd1 22. Rcxd1 Nbc6 23. Na3 O-O 24. Nb5 Rfd8 25. g4 a4 26. Rd6 Na5 27. Rc1 Nec6 28. a3 Nb7 29. Rdd1 Nca5 30. Nd2 Rd3 31. Kf1 Rcd8 32. Ke2 Nb3 33. Nxb3 Rxd1 34. Rxd1 Rxd1 35. Kxd1 axb3 36. Kd2 Na5 37. Nd6 f6 38. f4 fxe5 39. fxe5 g6 40. Kc3 gxh5 41. gxh5 Kf8 42. Ne4 b2 43. Nd2 Nc6 44. Kxb2 Nxe5 45. Ne4 Nxc4+ 46. Kb3 Nxa3 47. Kxa3 Ke7 48. Kb3 e5 49. Kc4 Ke6 50. Kxc5 Kf5 51. Kd5 Kg4 52. Nf6+ Kg5 53. Kxe5 Kh4 54. Kf5 Kg3 55. Kg6 1-0


[Site "https://www.chess.com"]